Map: Para Site LE

Players

Lambo - Winner!

  • Race: Zerg Zerg
  • League: Grandmaster
  • Spawn Location: 5:00

llllllllllll

  • Race: Terran Terran
  • League: Grandmaster
  • Spawn Location: 11:00

VOD

Have the link to the VOD?

Description

Time

  • Played on: Nov. 30, 2018, 3:35 p.m.
  • Length: 20:55
Show
View Real Time Build Order
Export as new Build Order

Lambo Zerg - Winner!

Build Orders: Hatch First 

Get SALT Encoding   

  12  0:00  Drone  
  13  0:12  Overlord  
  13  0:18  Drone  
  14  0:30  Drone x2  
  16  0:47  Hatchery  
  16  0:50  Drone  
  16  0:53  Drone  
  17  0:57  Drone  
  18  1:07  Extractor  
  17  1:12  Spawning Pool  
  17  1:15  Drone  
  17  1:18  Drone  
  18  1:28  Drone  
  19  1:39  Drone  
  20  1:50  Overlord  
  20  1:59  Queen x2  
  20  2:00  Zergling x4  
  26  2:10  Metabolic Boost  
  26  2:12  Drone x2  
  28  2:21  Drone x2  
  30  2:37  Hatchery  
  30  2:41  Drone  
  30  2:46  Pneumatized Carapace  
  30  2:49  Drone  
  31  2:53  Drone  
  31  2:55  Overlord  
  33  2:58  Drone  
  33  3:10  Drone  
  33  3:11  Drone  
  35  3:16  Drone  
  35  3:17  Overlord  
  35  3:18  Drone x2  
  35  3:19  Queen, Drone  
  40  3:26  Drone x2  
  42  3:35  Queen  
  44  3:43  Zergling x8  
  44  3:47  Overlord  
  48  3:50  Drone x3  
  48  3:51  Queen  
  53  3:58  Queen  
  53  3:59  Overlord  
  53  4:01  Drone x2  
  57  4:05  Spore Crawler  
  56  4:10  Evolution Chamber x2  
  56  4:11  Drone  
  56  4:14  Drone x2  
  56  4:16  Drone  
  58  4:18  Drone x2  
  60  4:24  Overlord  
  60  4:26  Drone x2  
  60  4:29  Queen  
  64  4:32  Overlord  
  64  4:35  Drone x2  
  64  4:37  Drone  
  64  4:38  Drone  
  68  4:44  Drone x2  
  70  4:48  Overlord  
  70  4:52  Zerg Ground Armor Level 1, Zerg Melee Weapons Level 1  
  70  4:55  Zergling x4  
  72  5:02  Drone x2  
  72  5:03  Drone  
  72  5:05  Drone x2  
  70  5:09  Drone  
  70  5:14  Drone x3  
  70  5:16  Overlord  
  70  5:20  Extractor  
  70  5:21  Extractor  
  67  5:23  Overlord  
  67  5:24  Drone x5  
  72  5:29  Drone  
  72  5:30  Drone  
  72  5:32  Overlord  
  74  5:36  Overlord  
  74  5:37  Lair, Drone x2  
  74  5:38  Drone  
  74  5:41  Extractor  
  76  5:44  Extractor, Drone x3  
  76  5:48  Drone x2  
  80  5:50  Extractor  
  80  5:55  Hatchery, Drone x2  
  80  5:57  Drone  
  80  5:59  Drone x2  
  83  6:04  Drone x2  
  83  6:08  Roach Warren  
  84  6:14  Zergling x4  
  84  6:16  Drone x2  
  84  6:17  Drone  
  89  6:21  Baneling Nest  
  88  6:34  Overseer  
  88  6:38  Drone x3  
  88  6:39  Drone x6  
  97  6:40  Drone  
  97  6:41  Drone  
  99  6:47  Zerg Missile Weapons Level 1, Zerg Ground Armor Level 2  
  99  6:50  Drone x3  
  102  6:55  Infestation Pit  
  102  6:56  Overlord  
  102  6:58  Roach x7, Glial Reconstitution  
  115  7:05  Drone  
  115  7:06  Extractor, Drone x2  
  117  7:10  Centrifical Hooks  
  117  7:12  Hydralisk Den  
  116  7:19  Hatchery, Overlord  
  115  7:23  Drone x4  
  115  7:24  Drone x4  
  115  7:25  Drone  
  115  7:27  Extractor  
  123  7:34  Hive  
  123  7:36  Zergling x14, Spire  
  129  7:45  Hydralisk, Baneling x3  
  129  7:46  Hydralisk x3  
  129  7:51  Baneling x3  
  137  7:53  Hydralisk x2  
  137  7:54  Overlord  
  137  7:57  Queen  
  137  8:01  Overlord  
  137  8:03  Overlord  
  137  8:05  Overlord  
  137  8:08  Overlord  
  137  8:13  Hydralisk x4  
  137  8:17  Drone  
  137  8:19  Hydralisk x4, Drone  
  153  8:24  Overlord  
  153  8:26  Hydralisk x4  
  163  8:32  Hydralisk x4  
  169  8:40  Overlord  
  168  8:47  Zerg Melee Weapons Level 2  
  168  8:48  Zergling x20, Hydralisk  
  170  8:54  Greater Spire  
  180  8:55  Overlord  
  180  9:00  Viper  
  183  9:09  Queen  
  185  9:14  Overlord  
  185  9:17  Baneling x17  
  185  9:19  Zergling x30  
  200  9:25  Spore Crawler, Overlord  
  200  9:26  Baneling x2  
  200  9:27  Baneling x3  
  195  9:33  Queen  
  197  9:39  Viper  
  197  9:41  Spore Crawler  
  199  9:51  Extractor  
  194  9:54  Spore Crawler  
  194  9:55  Spore Crawler  
  194  9:56  Extractor  
  194  9:57  Viper  
  194  9:59  Overseer  
  194  10:00  Zerg Ground Armor Level 3  
  194  10:05  Drone x3  
  197  10:07  Zergling x6  
  196  10:17  Zergling x16  
  196  10:19  Baneling x7  
  197  10:27  Zergling x20  
  200  10:33  Zergling x24  
  199  10:43  Baneling x5  
  199  10:47  Hatchery  
  198  10:58  Zergling x4  
  200  11:10  Zergling x8  
  199  11:16  Zerg Melee Weapons Level 3, Adrenal Glands  
  199  11:17  Zerg Flyer Weapons Level 1  
  190  11:22  Hydralisk x5  
  197  11:29  Corruptor x3  
  197  11:30  Corruptor x4  
  199  11:38  Zergling x2  
  199  11:47  Zergling x20  
  181  11:50  Queen  
  178  11:57  Zergling x8  
  182  12:04  Brood Lord x5  
  182  12:06  Extractor  
  191  12:10  Brood Lord  
  191  12:13  Zergling x14  
  200  12:18  Extractor  
  200  12:19  Spore Crawler x2, Brood Lord  
  199  12:33  Baneling x11  
  194  12:45  Zergling x12  
  196  12:53  Zerg Missile Weapons Level 2  
  196  12:55  Baneling  
  196  12:56  Lair, Baneling x8  
  196  13:03  Zergling x14  
  196  13:05  Baneling x3  
  199  13:09  Overlord  
  187  13:29  Zergling x26  
  200  13:46  Baneling x8  
  200  13:51  Hatchery  
  200  13:55  Baneling x19  
  194  14:02  Unknown  
  194  14:03  Unknown  
  194  14:07  Hydralisk x2  
  194  14:08  Hydralisk  
  197  14:14  Unknown  
  178  14:17  Hydralisk x8  
  185  14:27  Hydralisk  
  185  14:28  Zergling x12  
  185  14:36  Hydralisk x2  
  180  14:51  Hydralisk x6  
  185  14:59  Zergling x2, Hydralisk  
  159  15:11  Hydralisk x7  
  159  15:20  Muscular Augments  
  152  15:23  Zergling x6  
  154  15:31  Zergling x6  
  157  15:36  Hatchery  
  157  15:37  Zergling x6  
  159  15:43  Zergling x2  
  159  15:46  Zergling x4  
  161  15:50  Hatchery  
  135  15:58  Zergling x2  
  135  16:00  Zergling x16  
  114  16:14  Viper x3  
  114  16:17  Drone  
  121  16:26  Drone x4  
  121  16:31  Viper, Grooved Spines  
  128  16:39  Baneling x6, Overseer  
  128  16:42  Hydralisk x3  
  134  16:47  Hydralisk x2  
  134  16:53  Zerg Missile Weapons Level 3  
  138  16:54  Drone x3  
  138  16:58  Zergling x2  
  138  16:59  Zergling x4  
  145  17:01  Drone  
  145  17:05  Drone x3  
  148  17:09  Zergling x4  
  148  17:12  Zergling x4  
  151  17:27  Hatchery  
  150  17:33  Baneling x7  
  150  17:35  Zergling x6  
  138  17:45  Zergling x14  
  136  17:53  Zergling x12  
  138  18:06  Zergling x18  
  138  18:10  Zergling x2  
  138  18:11  Zergling x4  
  131  18:16  Zergling x2  
  131  18:17  Zergling x6  
  129  18:21  Hydralisk x2  
  133  18:38  Hydralisk x2  
  133  18:39  Hatchery  
  136  18:46  Hydralisk x3  
  142  18:56  Hydralisk x4  
  149  19:03  Hydralisk x2  
  149  19:04  Zergling x2  
  149  19:08  Baneling x5  
  154  19:12  Hydralisk  
  155  19:21  Hydralisk x4  
  163  19:25  Hatchery  
  163  19:30  Zergling x4, Hydralisk x2  
  163  19:38  Hydralisk  
  162  19:39  Zergling x10  
  162  19:44  Zergling x8  
  172  19:47  Baneling x4  
  172  19:52  Zergling x2  
  148  20:09  Zergling x32  
  148  20:14  Hydralisk  
  156  20:23  Hydralisk  
  156  20:24  Hydralisk x3  
  156  20:39  Baneling x7  
Show
View Real Time Build Order
Export as new Build Order

llllllllllll Terran 

Build Orders: Reaper Expand, Hellion Banshee, Mech 

Get SALT Encoding   

  12  0:00  SCV  
  13  0:13  SCV  
  14  0:17  Supply Depot  
  14  0:25  SCV  
  15  0:39  SCV  
  15  0:40  Barracks  
  16  0:43  Refinery  
  16  0:51  SCV  
  17  1:03  SCV  
  18  1:15  SCV  
  19  1:27  Reaper  
  19  1:28  Orbital Command  
  20  1:39  Command Center  
  20  1:50  Supply Depot  
  21  1:54  SCV  
  21  1:59  Marine  
  22  2:05  Factory  
  22  2:08  SCV  
  23  2:20  SCV  
  23  2:22  Barracks Reactor  
  24  2:32  SCV  
  25  2:39  Command Center  
  25  2:48  SCV  
  26  2:51  Orbital Command  
  26  2:57  Refinery  
  26  3:00  Starport  
  26  3:01  SCV  
  27  3:09  Hellion  
  29  3:16  Hellion  
  29  3:17  SCV  
  29  3:19  Barracks Tech Lab, SCV  
  33  3:29  SCV  
  33  3:31  Hellion  
  36  3:37  Supply Depot  
  36  3:38  Hellion  
  38  3:41  SCV x2  
  38  3:45  Banshee  
  43  3:53  Orbital Command, SCV  
  44  3:56  SCV  
  44  3:59  Hellion  
  47  4:04  Hellion  
  47  4:05  Marine  
  47  4:07  Supply Depot  
  50  4:12  SCV x2  
  52  4:23  Barracks Tech Lab  
  51  4:24  SCV x2  
  51  4:25  SCV  
  51  4:30  Raven, Refinery  
  56  4:32  Refinery  
  56  4:36  Supply Depot, SCV x2  
  56  4:37  Hellion  
  60  4:40  Hellion  
  60  4:47  SCV  
  60  4:50  SCV  
  62  4:53  SCV  
  62  4:54  Supply Depot  
  62  4:58  Armory  
  62  4:59  SCV  
  64  5:02  SCV  
  64  5:05  SCV  
  62  5:10  Hellion  
  62  5:11  Hellion, SCV  
  61  5:14  SCV  
  61  5:17  SCV  
  63  5:30  SCV x2  
  63  5:32  Factory, Hellion x2  
  63  5:34  Factory  
  69  5:38  Orbital Command  
  69  5:42  SCV x2  
  71  5:46  Barracks Tech Lab, Engineering Bay, Terran Vehicle Weapons Level 1  
  71  5:48  Engineering Bay, Starport Reactor  
  71  5:53  Engineering Bay  
  71  5:54  SCV x2  
  71  5:56  Hellion  
  71  5:57  Hellion  
  77  6:04  SCV  
  77  6:06  SCV x2  
  80  6:13  Supply Depot  
  80  6:14  Supply Depot  
  80  6:16  SCV  
  80  6:17  Stimpack  
  81  6:18  Thor, SCV x2  
  81  6:22  Hellion x2  
  93  6:29  Terran Infantry Weapons Level 1  
  93  6:34  Supply Depot  
  93  6:35  Thor, SCV x2  
  93  6:36  Terran Infantry Armor Level 1, SCV  
  93  6:37  Supply Depot  
  102  6:45  Refinery  
  102  6:46  Refinery  
  102  6:47  SCV x2  
  102  6:48  SCV  
  102  6:50  Hellion  
  102  6:51  Hellion  
  109  6:55  Medivac x2  
  109  6:57  Marine  
  109  6:59  SCV  
  109  7:00  SCV  
  117  7:01  SCV  
  117  7:11  Barracks, SCV  
  117  7:12  SCV  
  117  7:13  SCV  
  117  7:14  Barracks, Supply Depot  
  120  7:18  Barracks, Hellion x2  
  120  7:21  Marine  
  125  7:24  Barracks, Supply Depot  
  125  7:27  Supply Depot, Siege Tank x2, SCV x2  
  133  7:35  SCV  
  134  7:38  Marine  
  134  7:39  SCV x2  
  134  7:40  Supply Depot  
  134  7:41  Starport Reactor  
  134  7:42  Command Center  
  137  7:56  Marine  
  138  7:59  Siege Tank x2  
  144  8:06  Supply Depot  
  144  8:07  Supply Depot, Barracks Reactor x2  
  144  8:14  Marine  
  144  8:15  Barracks Tech Lab, Marine x2  
  144  8:17  Factory Tech Lab  
  144  8:18  Barracks, Medivac x2  
  151  8:20  Barracks  
  151  8:22  Marine x2  
  153  8:30  Supply Depot  
  153  8:31  Siege Tank x2  
  153  8:32  Marine x2  
  153  8:33  Marine, Sensor Tower  
  162  8:35  Terran Infantry Weapons Level 2  
  162  8:40  Marine x2  
  164  8:43  Terran Infantry Armor Level 2, Marine x2  
  164  8:44  Marine  
  164  8:46  Combat Shield  
  167  8:50  Marine x3  
  167  8:53  Siege Tank  
  173  8:57  Marine x2  
  173  9:01  Marine x2  
  173  9:02  Marine  
  178  9:07  Marine, Terran Vehicle Weapons Level 2  
  178  9:08  Marine x2  
  183  9:12  Barracks Tech Lab  
  183  9:13  Barracks Reactor  
  183  9:15  Marine x2  
  183  9:16  Barracks, Siege Tank  
  186  9:19  Marine x2  
  186  9:20  Marine  
  189  9:25  Marine  
  189  9:26  Marine x2  
  189  9:28  Siege Tank  
  194  9:32  Marine  
  194  9:33  Marine x2, Siege Tank  
  200  9:49  Planetary Fortress  
  200  9:51  Refinery  
  200  9:52  Refinery  
  200  9:54  Command Center  
  200  9:58  Concussive Shells  
  200  10:16  Starport  
  200  10:17  Starport  
  200  10:19  Starport  
  200  10:27  Marauder, Marine  
  185  10:30  Medivac x2  
  185  10:35  Marauder, Marine x3  
  189  10:38  Marauder  
  189  10:40  Barracks Tech Lab, Ghost Academy  
  190  10:44  Marine  
  190  10:49  Marauder  
  192  10:53  Sensor Tower  
  190  11:00  Medivac x2  
  190  11:01  Terran Infantry Weapons Level 3  
  190  11:02  Marauder, Marine x2  
  200  11:04  Marauder  
  200  11:16  Drilling Claws  
  200  11:19  Starport Reactor  
  195  11:30  Medivac, Marine  
  195  11:31  Marauder  
  193  11:36  Marine  
  193  11:37  Marine x6  
  200  11:44  Marauder, Marine  
  176  11:47  Marauder, Medivac  
  176  11:48  Marine  
  176  11:51  Widow Mine x3  
  176  11:52  Marine  
  183  11:54  Marine x7  
  183  12:01  Terran Vehicle And Ship Armor Level 1, Marine, Planetary Fortress  
  190  12:05  Marauder  
  190  12:06  Marine  
  190  12:08  Marine  
  195  12:10  Marine, Starport Reactor  
  195  12:12  Marine x4, Starport Tech Lab  
  200  12:25  Command Center  
  199  12:45  Marine  
  199  12:47  Marine  
  199  12:51  Medivac x4  
  189  12:52  Viking x3  
  199  12:58  Marine  
  199  13:02  Missile Turret  
  187  13:13  Marauder  
  187  13:17  Marine x2  
  187  13:18  Marauder  
  188  13:21  Viking x3  
  188  13:24  Marine x2  
  188  13:25  Marauder, Viking x3  
  188  13:26  Viking  
  197  13:29  Marine  
  197  13:30  Marauder  
  200  13:44  Terran Infantry Armor Level 3  
  200  13:56  Terran Ship Weapons Level 1  
  181  14:10  Command Center  
  181  14:13  Viking x2  
  181  14:14  Viking x2  
  181  14:15  Viking x2  
  161  14:17  Viking  
  161  14:18  Marauder, Marine  
  161  14:20  Marine  
  161  14:21  Marauder, Widow Mine  
  155  14:29  Marine  
  155  14:30  Marauder  
  155  14:31  Marauder, Marine  
  151  14:32  Marine x2, Widow Mine  
  151  14:34  Marine x2  
  151  14:35  Marine  
  137  14:40  Marauder  
  137  14:42  Marauder  
  137  14:43  Marine, Viking x2  
  137  14:44  Viking  
  134  14:46  Viking x2  
  134  14:47  Marine  
  134  14:48  Marine  
  134  14:49  Marine  
  134  14:51  Marauder, Marine  
  134  14:52  Marine, Siege Tank  
  122  14:54  Marine, Siege Tank  
  122  14:57  Medivac  
  122  14:59  Marine  
  106  15:01  Marauder  
  106  15:03  Marauder, Marine  
  106  15:06  Marine  
  101  15:09  Marine  
  101  15:12  Marine  
  101  15:13  Marauder  
  98  15:17  Marine  
  96  15:22  Marauder  
  96  15:25  Marauder, Siege Tank  
  96  15:26  Siege Tank  
  96  15:27  Marine  
  103  15:31  Marine  
  103  15:34  Marauder  
  107  15:37  Orbital Command  
  107  15:42  Marine  
  108  15:44  Marauder  
  108  15:46  Marauder, Unknown  
  108  15:49  Marine  
  112  15:50  Marine  
  112  15:52  Marine  
  112  15:55  Marauder, Marine  
  108  15:58  Siege Tank  
  108  15:59  Marine  
  93  16:05  Marauder  
  93  16:07  Medivac x2, Marine  
  93  16:08  Marauder  
  95  16:17  Marauder  
  97  16:20  SCV  
  97  16:21  SCV  
  99  16:26  Marauder, Marine  
  99  16:29  Marauder, Medivac  
  99  16:30  Siege Tank  
  99  16:32  Orbital Command  
  109  16:33  SCV x2  
  109  16:34  Factory Tech Lab  
  109  16:35  Marine x2  
  113  16:42  SCV  
  114  16:59  Orbital Command  
  114  17:00  Marine  
  114  17:05  Orbital Command  
  114  17:25  Supply Depot  
  114  17:28  Supply Depot  
  114  17:41  Marauder, Marine x4  
  114  17:42  Marauder, Marine x3  
  114  17:43  Marauder, SCV  
  114  17:44  Siege Tank  
  113  17:55  SCV x2  
  115  17:59  Marine x6  
  115  18:00  Marine  
  115  18:03  Marauder x2  
  115  18:05  Marauder  
  128  18:10  SCV  
  101  18:15  Orbital Command  
  101  18:17  Marine x6  
  101  18:18  Marine  
  97  18:20  Siege Tank  
  97  18:24  Marauder x2  
  97  18:26  Marauder, SCV x3  
  104  18:32  Refinery  
  104  18:33  Refinery  
  104  18:34  Marine x3  
  104  18:35  Marine x3  
  104  18:36  Marine  
  104  18:38  SCV  
  104  18:39  Orbital Command  
  104  18:40  Widow Mine  
  114  18:41  SCV x2  
  114  18:45  Marauder  
  114  18:46  Marauder  
  114  18:47  Marauder  
  122  18:50  SCV  
  122  18:52  Marine x4  
  122  18:53  Widow Mine  
  122  18:55  Marine x3  
  127  18:58  Medivac  
  129  19:08  Marauder x2, Supply Depot, Marine, Widow Mine  
  129  19:09  Supply Depot  
  136  19:10  Marine x2  
  136  19:15  Widow Mine  
  136  19:16  Marine x2, SCV x2  
  138  19:24  Marine  
  138  19:25  SCV  
  138  19:26  Marine x2, SCV  
  138  19:27  Marauder  
  138  19:30  Marauder x2, Marine, Widow Mine, SCV x2  
  146  19:37  Widow Mine  
  146  19:38  SCV  
  144  19:39  SCV  
  144  19:42  Marine x2, SCV x2  
  148  19:49  Marauder, Marine  
  148  19:50  SCV  
  148  19:52  Marauder  
  154  19:53  SCV  
  154  19:57  Marine  
  154  20:00  Marauder  
  154  20:01  Marine, Widow Mine  
  154  20:03  Marine x2  
  121  20:07  Marine x2  
  121  20:08  Marine, Unknown x4  
  121  20:10  Marauder, Medivac x2  
  121  20:13  Marauder  
  118  20:14  Widow Mine  
  118  20:19  Marine  
  103  20:21  Marauder  
  103  20:30  Marine  
  103  20:31  Marauder  
  103  20:32  Widow Mine  
Tags
 
Add a new tag
Caveats
  • Supply blocks, unpowered buildings, or Contaminate may cause inaccurate times.
  • Supply counts are checked every 10 seconds.